 Dungeon Crawl Stone Soup version 0.25-a0-1036-g6f112fb28d (webtiles) character file.

Game seed: 13022720161092026267, levelgen mode: classic

20911 EnegeticOcto the Grappler (level 12, -3/117 HPs)
             Began as a Troll Warper on May 12, 2020.
             Was a Priest of Hepliaklqana.
             Slain by a hell beast (7 damage)
             ... in a Gauntlet on May 13, 2020.
             The game lasted 00:30:18 (12076 turns).

EnegeticOcto the Grappler (Troll Warper)           Turns: 12076, Time: 00:30:18

Health: -3/117     AC:  8    Str: 22    XL:     12   Next: 49%
Magic:  12/12      EV: 10    Int: 12    God:    Hepliaklqana [***...]
Gold:   587        SH: 11    Dex: 13    Spells: 11/13 levels left

rFire    . . .     SeeInvis .     - Unarmed
rCold    . . .     Gourm    +   y - +0 kite shield
rNeg     . . .     Faith    .   a - +1 robe
rPois    .         Spirit   .   i - +1 hat {Int+3}
rElec    .         Reflect  .   (no cloak)
rCorr    .         Harm     .   (gloves unavailable)
MR       .....     NoTele   +   (boots unavailable)
Stlth    ++........             (no amulet)
HPRegen  0.69/turn              z - ring of stealth
MPRegen  0.13/turn              (no ring)

@: hasted, studying Fighting, very quick
A: large, unfitting armour, reduced essence, claws 3, fast metabolism 3,
gourmand, regeneration 1, shaggy fur 1, tough skin 3
a: Recall Ancestor, Ancestor Identity, Transference, Renounce Religion


You were in a Gauntlet.
You worshipped Hepliaklqana.
Hepliaklqana was most pleased with you.
You were full.

You visited 2 branches of the dungeon, and saw 13 of its levels.
You also visited: Sewer, Bailey and Gauntlet.

You collected 587 gold pieces.

Inventory:

Hand Weapons
 j - a +1 scimitar of flaming
 w - the +10 rapier of the Vendetta {pain, +Blink Str+2, unknown}
   (You found it in a bailey)

   In the hands of one skilled in necromantic magic, it inflicts extra damage on
   living creatures.
   It affects your strength (+2).
   It lets you blink.
Missiles
 d - 5 boomerangs of dispersal
 f - 343 stones
 n - 11 boomerangs
 A - 12 poisoned darts (quivered)
Armour
 a - a +1 robe (worn)
 i - a +1 hat of intelligence (worn)
 y - a +0 kite shield (worn)
Jewellery
 r - the ring of Ifuohostra {Ice MP+9}
   (You found it in a Gauntlet)

   [ring of ice]

   It enhances your ice magic.
   It makes you vulnerable to fire.
   It protects you from cold.
   It affects your magic capacity (+9).
 z - a ring of stealth (left claw)
Wands
 c - a wand of polymorph (3)
 k - a wand of flame (3) {@v4}
 B - a wand of iceblast (13) {@v2}
Scrolls
 g - 4 scrolls of enchant armour
 h - 4 scrolls of teleportation {@r3 !r}
 l - a scroll of magic mapping {@r5 !r}
 m - 3 scrolls of remove curse {@r2}
 p - a scroll of fear {!r}
 s - 2 scrolls of blinking {@r4}
 C - a scroll of immolation
Potions
 q - a potion of mutation
 t - 2 potions of curing {@q1 !q}
 u - 3 potions of stabbing {@q5 !q}
 v - a potion of magic {unknown}
 x - 3 potions of haste {@q4 !q}
 E - a potion of flight
Books
 b - a manual of Fighting
Miscellaneous
 o - a phantom mirror
Comestibles
 e - 29 rations


   Skills:
 + Level 11.3 Fighting
 - Level 6.0 Throwing
 - Level 1.9 Dodging
 + Level 8.7 Shields
 - Level 11.8 Unarmed Combat
 - Level 1.2 Spellcasting
 - Level 2.1 Translocations


You had 11 spell levels left.
You knew the following spells:

 Your Spells              Type           Power        Failure   Level  Hunger
Y - Blink                 Tloc           N/A          19%         2    ###....

Your spell library contained the following spells:

 Spells                   Type           Power        Failure   Level  Hunger
 Shroud of Golubria       Chrm/Tloc      #.....       30%         2    ###....
 Gell's Gravitas          Tloc           #.........   36%         3    ####...
 Lesser Beckoning         Tloc           #.........   36%         3    ####...
 Teleport Other           Tloc           #.......     36%         3    ####...
 Ignite Poison            Fire/Tmut/Pois #.......     67%         3    ####...
 Passage of Golubria      Tloc           N/A          77%         4    #####..
 Fireball                 Conj/Fire      #.........   100%        5    ######.
 Starburst                Conj/Fire      #.........   100%        6    #######
 Ring of Flames           Chrm/Fire      #.........   100%        7    #######
 Ignition                 Fire           #.........   100%        8    #######


Dungeon Overview and Level Annotations

Branches:
Dungeon (14/15)            Temple (1/1) D:7            Lair (0/6) D:8
    Orc (0/2) D:9           Sewer (visited)          Bailey (visited)
Gauntlet (1/1)
 Vaults: D:13-14

Altars:
Ashenzari
Dithmenos
Fedhas
Gozag
Hepliaklqana
Kikubaaqudgha
Makhleb
Nemelex Xobeh
Okawaru
Sif Muna
Trog
Vehumet
Wu Jian
Yredelemnul
Zin
The Shining One

Shops:
D:7 ?

Annotations:
D:8 exclusion: two-headed ogre Gauntlet 9 transporters


Innate Abilities, Weirdness & Mutations

You are too large for most types of armour.
You have claws for hands.
Your metabolism is lightning-fast.
You like to eat raw meat.
Your natural rate of healing is unusually fast.
You are covered in fur. (AC +1)
You have extremely tough skin. (AC +3)
Your life essence is reduced to manifest your ancestor. (-10% HP)


Message History

You kill the efreet!
The hell hound convulses!
You kill the hell hound!
You struggle against the net.
The fire elemental barely misses you.
You shred the net and break free! The fire elemental hits you.
The fire elemental burns you!
You mangle the fire elemental!!
The fire elemental is heavily damaged.
Love casts a spell at the fire elemental.
The stone arrow hits the fire elemental!
The fire elemental enters a dispersal trap!
Love blinks!
The fire elemental blinks! x2; You blink.
The fire elemental blinks!
The fire elemental hits you. The fire elemental burns you!
Love is engulfed in blazing flames.
The fire elemental hits Love.
The fire elemental burns Love!
Love resists.
The fire elemental hits you. The fire elemental burns you!
A red film seems to cover your vision as you go berserk!
You feel yourself moving faster!
You feel mighty!
The fire elemental completely misses Love.
Love is engulfed in blazing flames.
Love barely misses the fire elemental.
You block the fire elemental's attack.
You mangle the fire elemental!!
The fire elemental is heavily damaged.
The fire elemental completely misses Love.
The fire elemental barely misses you.
You mangle the fire elemental!!
You destroy the fire elemental!
Love hits the fire elemental with a +0 quarterstaff!
The fire elemental is destroyed!
You start resting.
You feel a strong urge to attack something.
You start resting.
You feel your anger nearly subside.
You start resting.
You are no longer berserk.
You are exhausted.
You feel yourself slow down.
You start resting.
Ancestor HP restored.
The hell beast hisses angrily.
The hell beast bites the demonic plant!!
The demonic plant is destroyed!
You swap places.
You see here a hell hound corpse.
You see here a +1 scimitar of flaming.
j - a +1 scimitar of flaming You feel yourself speed up.
You recover from your berserk rage.
HP restored.
r - a translucent brass ring
C - a scroll of immolation You see here a ring of teleportation.
There is a transporter here.
You enter the transporter and appear at another place.
Okay, then.
You feel more attuned to ice.
You feel your magic capacity increase.
r - the ring of Ifuohostra (right claw) {Ice MP+9} The hell beast barks!
You remove the ring of Ifuohostra {Ice MP+9}.
There is a transporter here.
You enter the transporter and appear at another place.
Love hits the demonic plant with a +0 quarterstaff!!
The hell beast closely misses you. The hell beast tramples you!!
You stumble backwards!
You block the hell beast's attack. x2
The elephant trumpets! x3
You claw the hell beast!
The hell beast is lightly wounded.
The hell beast bites you! The hell beast tramples you!
You hold your ground!
You scratch the hell beast.
The hell beast is lightly wounded.
The hell beast bites you! You block the hell beast's attack.
Love gestures at the hell beast while chanting.
The puff of frost hits the hell beast.
You are too injured to fight recklessly!
You are too injured to fight recklessly!
The hell beast closely misses you. The hell beast barely misses you.
The hell beast bites you! The hell beast tramples you!
You hold your ground!
Love hits the hell beast with a +0 quarterstaff!!
You barely miss the hell beast.
The hell beast is heavily wounded.
The hell beast barely misses you. The hell beast tramples you!
* * * LOW HITPOINT WARNING * * *
You hold your ground!
Really quaff
x - 4 potions of haste {@q4 !q}?
You feel yourself speed up. You block the hell beast's attack. x2
Love hits the hell beast with a +0 quarterstaff!
You claw the hell beast!
The hell beast is almost dead.
The hell beast bites you.
* * * LOW HITPOINT WARNING * * *
You block the hell beast's attack.
Love closely misses the hell beast.
You claw the hell beast!
The hell beast is almost dead.
The hell beast bites you!!
* * * LOW HITPOINT WARNING * * *
The hell beast tramples you!
You die...

##...#?#..#....#...#######
#§...#).#..#...#...#.##©..
##...##..#.P#..#####..##^.
#≈...#.#.P#.P#.#...#=^.#.#
##.8.#©.#.P#©.##©8©#©##.##
#≈...#.#.P#.P#.#...###.#.^
##...##.P#RP#..######†.##.
#≈...#..#2P#...#...#....##
##...#=#.@#....#...#######
#≈...###########.......... ###
##...............8.....8..
...# ##.8.....8...............
#..##≈...............########
##...##...#########...#.##t##.
......#...#.YYYY..#...#....##.
##.©8.#...#.####..#####?##....
##....#...#^..^.#.#...#.##.##.


You could see the friendly Love the battlemage, a dire elephant, a hell beast
and 3 elephants.

Vanquished Creatures
  Gastronok (D:10)
  3 two-headed ogres
  A centaur warrior (D:11)
  An unseen horror (D:10)
  An orc knight (Bailey)
  2 orc sorcerers (Bailey)
  3 ugly things (D:14)
  An efreet (Gauntlet)
  A hornet (D:10)
  Prince Ribbit (D:7)
  A hippogriff (D:11)
  Sigmund (D:2)
  A fire elemental (Gauntlet)
  A spriggan (D:8)
  19 yaks
  A hungry ghost (D:9)
  2 vampire mosquitoes (D:14)
  2 water moccasins
  4 porcupines (D:8)
  8 orc warriors
  A hell hound (Gauntlet)
  A black bear (D:10)
  4 ice beasts
  2 sky beasts
  3 phantoms
  An eye of draining (shapeshifter) (D:14)
  5 centaurs
  4 ogres
  3 crocodiles
  A big kobold (D:10)
  2 gnoll sergeants
  4 bullfrogs
  A water moccasin zombie (D:8)
  3 scorpions
  7 killer bees
  An electric eel (Bailey)
  3 wights (D:9)
  2 bullfrog zombies (D:8)
  3 crimson imps
  A centaur zombie (D:7)
  4 jellies
  3 quasits
  5 orc priests
  A gnoll shaman (D:6)
  6 hounds
  6 orc wizards
  A centaur skeleton (D:4)
  Terence (D:3)
  Natasha (D:2)
  2 iguanas
  8 worker ants
  2 hound skeletons
  2 howler monkey zombies
  25 gnolls
  A howler monkey skeleton (D:7)
  19 adders
  2 shadow imps (D:7)
  14 oozes
  2 adder zombies (D:6)
  An adder skeleton (D:6)
  2 dart slugs
  19 leopard geckos
  49 orcs
  24 giant cockroaches
  15 goblins
  11 hobgoblins
  15 jackals
  7 quokkas
  12 ball pythons
  9 bats
  17 frilled lizards
  9 kobolds
  2 leopard gecko skeletons
  A quokka skeleton (D:7)
  5 rats
  A plant (D:3)
411 creatures vanquished.

Vanquished Creatures (collateral kills)
  A two-headed ogre (D:14)
  A deep elf mage (D:14)
  A troll (D:11)
  A wraith (D:11)
  A fire elemental (Gauntlet)
  A yak (D:9)
  A vampire mosquito (D:14)
  A water moccasin (D:10)
  4 orc warriors
  An eye of draining (D:10)
  A centaur (D:10)
  A crocodile (D:8)
  A bullfrog (D:14)
  A killer bee (D:8)
  3 electric eels (Bailey)
  A bullfrog zombie (D:8)
  2 hounds
  An orc priest (D:10)
  2 orc wizards (D:9)
  8 orcs
  3 hobgoblins (Bailey)
  A jackal (D:10)
  3 kobolds (D:10)
  A quokka (D:10)
  3 goblins (Bailey)
45 creatures vanquished.

Vanquished Creatures (others)
  2 ancestors
  3 battlemagi
  5 demonic plants (Gauntlet)
  8 fungi
  8 plants (Gauntlet)
26 creatures vanquished.

Grand Total: 482 creatures vanquished

Notes
Turn   | Place    | Note
-------+----------+-------------------------------------------
     0 | D:1      | EnegeticOcto the Troll Warper began the quest for the Orb.
     0 | D:1      | Reached XP level 1. HP: 19/19 MP: 1/1
    60 | D:1      | Reached XP level 2. HP: 25/27 MP: 2/2
   524 | D:1      | Reached XP level 3. HP: 33/33 MP: 3/3
   544 | D:1      | Learned a level 2 spell: Blink
   910 | D:2      | Reached XP level 4. HP: 41/41 MP: 4/4
  1128 | D:2      | Noticed Sigmund
  1144 | D:3      | Noticed Terence
  1154 | D:3      | Killed Terence
  1184 | D:3      | Reached skill level 5 in Unarmed Combat
  1235 | D:3      | Reached XP level 5. HP: 41/48 MP: 5/5
  1348 | D:3      | Found a glowing drain.
  1409 | Sewer    | Entered a sewer
  1638 | Sewer    | Reached XP level 6. HP: 55/55 MP: 6/6
  2632 | D:4      | Found an iron altar of Okawaru.
  2754 | D:4      | Found a sparkling altar of Nemelex Xobeh.
  2895 | D:4      | Reached XP level 7. HP: 51/66 MP: 7/7
  3416 | D:5      | Entered Level 5 of the Dungeon
  3596 | D:5      | Found an ornate altar of the Wu Jian Council.
  4257 | D:6      | Found an ancient bone altar of Kikubaaqudgha.
  4257 | D:6      | Found a shadowy altar of Dithmenos.
  4258 | D:6      | Found a radiant altar of Vehumet.
  4305 | D:6      | Reached XP level 8. HP: 78/78 MP: 8/8
  5045 | D:6      | Reached skill level 5 in Fighting
  5317 | D:7      | Noticed Prince Ribbit
  5338 | D:7      | Killed Prince Ribbit
  5338 | D:7      | Reached XP level 9. HP: 89/89 MP: 9/9
  5390 | D:7      | Reached skill level 10 in Unarmed Combat
  5762 | D:7      | Reached skill level 1 in Shields
  5796 | D:7      | Found a burning altar of Makhleb.
  5874 | D:7      | Found Omoen's Magic Scroll Emporium.
  5912 | D:7      | Found a staircase to the Ecumenical Temple.
  5988 | D:7      | Found a shimmering blue altar of Sif Muna.
  6028 | Temple   | Entered the Ecumenical Temple
  6034 | Temple   | Became a worshipper of Hepliaklqana the Forgotten
  6271 | D:2      | Killed Sigmund
  6449 | D:2      | Noticed Natasha
  6453 | D:2      | Killed Natasha
  6674 | D:8      | Upgraded the game from 0.25-a0-1015-g4819203062 to
                  | 0.25-a0-1036-g6f112fb28d
  6821 | D:8      | Noticed a two-headed ogre
  7065 | D:8      | Found a staircase to the Lair.
  7101 | D:8      | Reached XP level 10. HP: 43/91 MP: 10/10
  8054 | D:9      | Reached * piety under Hepliaklqana
  8277 | D:9      | Noticed a two-headed ogre
  8286 | D:9      | Killed a two-headed ogre
  8286 | D:9      | Reached skill level 5 in Shields
  8289 | D:9      | Noticed a two-headed ogre
  8318 | D:9      | Killed a two-headed ogre
  8592 | D:9      | Found a staircase to the Orcish Mines.
  8793 | D:9      | Reached skill level 1 in Throwing
  8793 | D:9      | Reached XP level 11. HP: 101/101 MP: 11/11
  9257 | D:10     | Entered Level 10 of the Dungeon
  9273 | D:10     | Noticed a two-headed ogre
  9281 | D:10     | Killed a two-headed ogre
  9318 | D:10     | Killed an unseen horror
  9391 | D:10     | Noticed Gastronok
  9438 | D:10     | Killed Gastronok
  9708 | D:10     | Reached ** piety under Hepliaklqana
  9709 | D:10     | Remembered your ancestor Love as a battlemage
 10532 | D:11     | Noticed a green ugly thing
 10567 | D:11     | Noticed Psyche
 10574 | D:11     | Noticed Psyche
 10574 | D:11     | Psyche changed into Psyche the fire crab
 10575 | D:11     | Noticed Psyche
 10575 | D:11     | Psyche the fire crab changed into Psyche the hippogriff
 10581 | D:11     | Killed Psyche the hippogriff
 10590 | D:11     | Reached skill level 5 in Throwing
 10613 | D:11     | Found a flagged portal.
 10622 | Bailey   | Entered a bailey
 10659 | Bailey   | Found an iron altar of Okawaru.
 10659 | Bailey   | Noticed an orc sorcerer
 10659 | Bailey   | Noticed an orc sorcerer
 10666 | Bailey   | Noticed an orc knight
 10668 | Bailey   | Killed an orc sorcerer
 10680 | Bailey   | Killed an orc sorcerer
 10694 | Bailey   | Killed an orc knight
 10694 | Bailey   | Reached skill level 10 in Fighting
 10694 | Bailey   | Reached XP level 12. HP: 93/113 MP: 12/12
 11133 | Bailey   | Got a twisted rapier
 11198 | Bailey   | Identified the ring of Lomnuem {Wiz rC++ rN++ MR-} (You
                  | acquired it in a bailey)
 11397 | D:11     | Noticed a centaur warrior
 11429 | D:11     | Killed a centaur warrior
 11459 | D:11     | You fall into a shaft and drop 3 floors!
 11461 | D:14     | Noticed a two-headed ogre
 11488 | D:14     | Killed a two-headed ogre
 11657 | D:14     | Found a gate leading to a gauntlet.
 11683 | Gauntlet | Entered a Gauntlet
 11683 | Gauntlet | Found a transporter.
 11688 | Gauntlet | Found a transporter.
 11700 | Gauntlet | Found a transporter.
 11704 | Gauntlet | Found a transporter.
 11715 | Gauntlet | Found a transporter.
 11732 | Gauntlet | Found a transporter.
 11748 | Gauntlet | Found a transporter.
 11748 | Gauntlet | Noticed a hell beast
 11765 | Gauntlet | Found a transporter.
 11769 | Gauntlet | Found a transporter.
 11778 | Gauntlet | Found a transporter.
 11804 | Gauntlet | Found a transporter.
 11806 | Gauntlet | Found a transporter.
 11809 | Gauntlet | Noticed a dire elephant
 11832 | Gauntlet | Reached *** piety under Hepliaklqana
 12054 | Gauntlet | Got a translucent brass ring
 12061 | Gauntlet | Identified the ring of Ifuohostra {Ice MP+9} (You found it
                  | in a Gauntlet)
 12076 | Gauntlet | HP: 4/117 [hell beast (26)]
 12076 | Gauntlet | Slain by a hell beast

Illustrated notes

Levels and vault maps discovered:
D:1:      roderic_crop_circles_arrival_large, layout_rooms
D:2:      layout_basic, uniq_sigmund, uniq_natasha
D:3:      layout_basic, gup_sewer_entry_glass, serial_bayou_lake_a, uniq_terence
D:4:      layout_basic, nemelex_xobeh_ov_fountains_minmay, okawaru_trees_2
D:5:      layout_gridville, kennysheep_mini_moat, first_ration
D:6:      layout_loops_corners, chequers_temple_overflow_statue_of_worship,
          serial_bayou_pond_c
D:7:      layout_cave_pools, makhleb_heckhound_becter, led_sif_pool,
          minmay_temple_entry_enclosed_plants, serial_shops,
          nicolae_shop_window_shopping, uniq_prince_ribbit1
D:8:      layout_loops_ring, minmay_lair_entry_grove, the_bakery,
          minmay_misc_feat_iff
D:9:      kennysheep_ambush_hall, layout_basic, hiddenorc2_lemuel
D:10:     layout_stronghold, serial_glass, glass_columns_c, glass_columns_b,
          due_unseen_surprise, hangedman_decor_slide_cut, uniq_gastronok
D:11:     minmay_the_grid_triangle_9x9_rhombus_full_mashed
          [minmay_the_grid_triangle_9x9_minimal,
          minmay_the_grid_triangle_9x9_subtriangle,
          minmay_the_grid_triangle_9x9_negative_grid,
          minmay_the_grid_triangle_9x9_cache,
          minmay_the_grid_triangle_9x9_windchime,
          minmay_the_grid_triangle_9x9_corrupted_corridor,
          minmay_the_grid_triangle_9x9_limited_checkers,
          minmay_the_grid_triangle_9x9_prize_special], layout_long_grid,
          enter_bailey_8, uniq_psyche
D:14:     layout_grid_maze, hangedman_vaults_entry_quadrant_bands,
          gauntlet_entry_generic, hangedman_decor_peaks_small
Temple:   eino_narrow_crystal_temple
Gauntlet: minmay_gauntlet_mixed_oops_all_seconds
          [minmay_gauntlet_arena_77_terracotta_army,
          gammafunk_gauntlet_arena_crates, minmay_gauntlet_arena_77_fan,
          gammafunk_gauntlet_arena_hedges,
          minmay_gauntlet_arena_77_radiant_squares,
          gammafunk_gauntlet_arena_arrow_garden, gauntlet_exit_green]

Skill      XL: |  1  2  3  4  5  6  7  8  9 10 11 12 |
---------------+-------------------------------------+-----
Unarmed Combat | 3 4 5 6 7 8 9 10 11 | 11.8
Fighting       | 2 3 5 7 8 10 11 | 11.3
Shields        | 3 5 7 8 |  8.7
Throwing       | 1 5 6 |  6.0
Dodging        | |  1.9
Spellcasting   | |  1.2
Translocations | |  2.1

Action                   |  1- 3 |  4- 6 |  7- 9 | 10-12 || total
-------------------------+-------+-------+-------+-------++-------
Melee: Unarmed           |   115 |   311 |   288 |   467 ||  1181
       Punch             |     1 |       |     5 |       ||     6
Throw: Dart              |       |       |       |     9 ||     9
Invok: Recall Ancestor   |       |       |     1 |       ||     1
       Ancestor Identity |       |       |     1 |       ||     1
       Ancestor Life: Ba |       |       |       |     1 ||     1
Evoke: Wand              |       |       |     4 |    16 ||    20
  Use: Scroll            |       |     6 |     6 |    18 ||    30
       Potion            |       |       |     6 |     8 ||    14
 Stab: Sleeping          |     1 |       |     5 |     6 ||    12
       Distracted        |       |     1 |       |     1 ||     2
       Invisible         |       |       |     1 |       ||     1
  Eat: Chunk             |    14 |    19 |    31 |    53 ||   117
Armor: Robe              |    60 |   114 |    96 |    83 ||   353
Dodge: Dodged            |    64 |   162 |   144 |    90 ||   460
Block: Kite shield       |       |       |    39 |   127 ||   166

Table legend:
 A = Non-vault XP
 B = Vault XP
 C = Vault XP percentage of total XP
 D = Non-vault monster count
 E = Vault monster count
 F = Vault count percentage of total count
                 A         B        C        D         E       F
            +---------+---------+-------+---------+---------+-------
      Total |   18968 |   10905 |  36.5 |     281 |     174 |  38.2
            +---------+---------+-------+---------+---------+-------
        D:1 |      42 |       0 |   0.0 |      24 |       0 |   0.0
        D:2 |      86 |     258 |  75.0 |      27 |       2 |   6.9
        D:3 |     107 |      68 |  38.9 |      26 |       6 |  18.8
        D:4 |     424 |       0 |   0.0 |      18 |       0 |   0.0
        D:5 |     277 |       0 |   0.0 |       7 |       0 |   0.0
        D:6 |     711 |       0 |   0.0 |      26 |       0 |   0.0
        D:7 |    1338 |     317 |  19.2 |      34 |       2 |   5.6
        D:8 |    1138 |    2194 |  65.8 |      23 |      13 |  36.1
        D:9 |    3517 |    1103 |  23.9 |      22 |      39 |  63.9
       D:10 |    5801 |    2213 |  27.6 |      56 |       1 |   1.8
       D:11 |    1438 |     250 |  14.8 |       4 |       1 |  20.0
       D:14 |    4089 |       0 |   0.0 |      14 |       0 |   0.0
      Sewer |       0 |     230 | 100.0 |       0 |      63 | 100.0
     Bailey |       0 |    3359 | 100.0 |       0 |      43 | 100.0
   Gauntlet |       0 |     913 | 100.0 |       0 |       4 | 100.0
            +---------+---------+-------+---------+---------+-------
